 Dungeon Crawl Stone Soup version 0.29.0-13-gc9e81de378 (webtiles) character file.

Game seed: 16979933265132534546

20773 smilodon the Slicer (level 12, -3/96 HPs)
             Began as a Demonspawn Fighter on Sept 9, 2022.
             Was an Elder of Sif Muna.
             Slain by an ice devil (21 damage)
             ... in an ice cave.
             The game lasted 00:57:53 (12307 turns).

smilodon the Slicer (Demonspawn Fighter)           Turns: 12307, Time: 00:57:54

Health: -3/96      AC: 13    Str: 17    XL:     12   Next: 48%
Magic:  24/24      EV: 16    Int: 14    God:    Sif Muna [****..]
Gold:   497        SH: 11    Dex: 13    Spells: 9/27 levels left

rFire   . . .      SeeInvis +   A - +7 short sword (speed)
rCold   . . .      Faith    .   C - +2 kite shield
rNeg    . . .      Spirit   .   t - +0 steam dragon scales
rPois   .          Reflect  .   y - +2 hat
rElec   .          Harm     .   j - +2 cloak
rCorr   .          Rampage  .   (no gloves)
Will    .....                   (no boots)
Stlth   +.........              g - amulet of regeneration
HPRegen 1.06/turn               F - ring of see invisible
MPRegen 0.38/turn               p - +4 ring of slaying

@: agile
A: hooves 2, icy blue scales 1, powered by pain 1, magic regeneration, claws 1,
robust 1
a: Renounce Religion, Channel Magic, Forget Spell, Divine Exegesis


You were in an ice cave.
You worshipped Sif Muna.
Sif Muna was greatly pleased with you.
You visited 3 branches of the dungeon, and saw 16 of its levels.
You also visited: Ice Cave.

You collected 714 gold pieces.
You spent 217 gold pieces at shops.

Inventory:

Hand Weapons
 d - a +1 rapier of chaos
 v - a +2 short sword of draining
 A - a +7 short sword of speed (weapon)
 D - a +0 short sword of protection
Missiles
 a - 4 throwing nets
 l - 30 poisoned darts (quivered)
Armour
 j - a +2 cloak (worn)
 t - +0 steam dragon scales (worn)
 y - a +2 hat (worn)
 C - a +2 kite shield (worn)
Jewellery
 g - an amulet of regeneration (around neck)
 p - a +4 ring of slaying (right claw)
 r - a ring of protection from fire
 E - an amulet of the acrobat
 F - a ring of see invisible (left claw)
Wands
 k - a wand of flame (27)
 n - a wand of quicksilver (4)
 s - a wand of mindburst (11)
Scrolls
 c - a scroll of poison
 e - a scroll of noise
 f - 4 scrolls of teleportation
 m - a scroll of amnesia
 u - a scroll of silence
 w - 2 scrolls of immolation
 x - a scroll of torment
 B - 3 scrolls of butterflies
Potions
 h - 5 potions of flight
 i - a potion of cancellation
 o - a potion of resistance
 z - a potion of ambrosia


   Skills:
 - Level 6.1 Fighting
 * Level 11.3 Short Blades
 - Level 3.0 Polearms
 - Level 4.8 Armour
 - Level 3.1 Dodging
 - Level 4.7 Shields
 + Level 8.1 Spellcasting
 - Level 5.0 Hexes
 - Level 5.0 Summonings
 - Level 5.0 Necromancy
 + Level 3.1 Fire Magic
 + Level 8.0 Invocations


You had 9 spell levels left.
You knew the following spells:

 Your Spells              Type           Power      Damage    Failure   Level
a - Slow                  Hex            76%        N/A       4%          1
b - Summon Small Mammal   Summ           76%        N/A       4%          1
c - Necrotise             Necr           76%        1d7       4%          1
d - Confusing Touch       Hex            19%        N/A       14%         3
e - Vampiric Draining     Necr           19%        2d7       14%         3
f - Blink                 Tloc           10%        N/A       50%         2
g - Conjure Flame         Conj/Fire      10%        6-21      50%         3
h - Cause Fear            Hex            9%         N/A       43%         4

Your spell library contained the following spells:

 Spells                   Type           Power      Damage    Failure   Level
 Foxfire                  Conj/Fire      40%        2x1d6     19%         1
 Inner Flame              Hex/Fire       17%        N/A       21%         3
 Apportation              Tloc           10%        N/A       36%         1
 Freeze                   Ice            20%        1d4       36%         1
 Shock                    Conj/Air       20%        1d4       36%         1
 Dazzling Flash           Conj/Hex       24%        N/A       36%         3
 Frozen Ramparts          Ice            10%        1d2       73%         3
 Lesser Beckoning         Tloc           5%         N/A       73%         3
 Animate Armour           Summ/Erth      24%        N/A       78%         4
 Leda's Liquefaction      Hex/Erth       6%         N/A       78%         4
 Summon Mana Viper        Hex/Summ       19%        N/A       78%         5
 Flame Wave               Conj/Fire      10%        2d6       88%         4
 Hailstorm                Conj/Ice       5%         3d4       98%         4
 Silence                  Hex/Air        6%         N/A       98%         5
 Summon Forest            Summ/Tloc      6%         N/A       98%         5
 Blade Hands              Tmut           2%         N/A       100%        5
 Lee's Rapid Deconstruct  Erth           2%         3d6*      100%        5
 Manifold Assault         Tloc           5%         N/A       100%        5
 Iron Shot                Conj/Erth      2%         9d2       100%        6
 Statue Form              Tmut/Erth      3%         N/A       100%        6
 Summon Cactus Giant      Summ           9%         N/A       100%        6
 Discord                  Hex            9%         N/A       100%        8


Dungeon Overview and Level Annotations

Branches:
Dungeon (12/15)            Temple (0/1) D:4            Lair (2/5) D:9
    Orc (2/2) D:11          IceCv (1/1)
  Swamp: Lair:2-3    Shoals: Lair:2-3     Snake: Lair:2-3    Spider: Lair:2-3
    Elf: Orc:2

Altars:
Ashenzari
Dithmenos
Fedhas
Makhleb
Ru
Sif Muna
Vehumet
Wu Jian

Shops:
D:10 [

Annotations:
D:6 1 runed translucent door, Crazy Yiuf
Lair:1 3 runed translucent doors, SnakkuSnakku7's ghost, journeyman HuDe
Orc:2 Azrael, Erolcha IceCv exclusion: 2 ice statues


Innate Abilities, Weirdness & Mutations

You have hoof-like feet.
You are partially covered in icy blue scales. (AC +2)
You sometimes gain a little power by taking damage.
You regenerate magic rapidly.
You have sharp fingernails.
You are robust. (+10% HP)


Message History

Anything else - Cancel.
Gang up on whom?
Press: ? - help, Dir - move target, f - ice devil
Aim: an ice devil (almost dead) Attack!
The ice devil misses you. The ice devil hits you. The ice devil freezes you!
The white imp hits you but does no damage.
You hit the ice devil.
The ice devil is almost dead.
The two-headed ogre simulacrum barely misses you.
The two-headed ogre simulacrum hits you but does no damage.
The ice devil barely misses you.
The white imp hits you but does no damage.
The ice devil misses you.
You feel much better. You block the ice devil's attack. The ice devil hits you.
The ice devil freezes you!!
You focus on the pain.
You feel your power returning. The white imp gestures at you.
The puff of frost hits you.
You hit the ice devil but do no damage. You kick the ice devil.
The ice devil is almost dead.
Your cactus giant hits the ice devil with a +0 giant spiked club.
You block the two-headed ogre simulacrum's attack.
The two-headed ogre simulacrum hits you but does no damage.
Aiming: Quicksilver Bolt
Press: ? - help, Shift-Dir - straight line, f/p - ice devil
Aim: an ice devil (almost dead, ally target, 71% to hit)
The bolt of dispelling energy misses the ice devil.
The bolt of dispelling energy hits the wolf simulacrum!!
The wolf simulacrum vaporises!
Sif Muna accepts your kill. The ice devil hits you. The ice devil freezes you!!
* * * LOW HITPOINT WARNING * * *
The ice devil misses you.
The white imp hits you but does no damage.
Okay, then.
You feel better. The ice devil hits you.
* * * LOW HITPOINT WARNING * * *
The ice devil freezes you!!
You die...

.....## .......##
........# ........8
#### ........##
##..##
.........######C...##
...........##..4....#
..⌠...........☼4@∩..#
...............5Z...#
.........##..##....##
........########..##
........8 ####
........# .......##
.....## ####


You could see 2 ice devils, a white imp, a two-headed ogre simulacrum and a
friendly cactus giant (summoned).

Vanquished Creatures
  Gastronok (D:10)
  Harold (D:10)
  2 boulder beetles (D:11)
  4 two-headed ogres
  Erica (D:8)
  A hell knight (D:10)
  An orc sorcerer (Orc:1)
  An elephant (D:9)
  A cane toad (Lair:2)
  2 unseen horrors
  Maggie (Lair:1)
  4 komodo dragons
  2 ice devils (Lair:2)
  5 trolls
  A wind drake (shapeshifter) (D:4)
  A shadow (D:10)
  Sigmund (D:4)
  12 yaks
  A vampire (D:12)
  2 wraiths (D:12)
  2 basilisks
  3 steam dragons
  5 fire elementals
  2 vampire mosquitoes (D:12)
  A warg (Orc:1)
  A naga (D:4)
  4 hell hounds
  Duvessa (D:7)
  4 water moccasins
  A sky beast (D:7)
  7 orc warriors
  6 ogres
  2 centaurs (D:9)
  2 kobold brigands
  7 bullfrogs
  A gnoll sergeant (D:8)
  A necrophage (D:7)
  A scorpion (Lair:1)
  10 wights
  Dowan (D:7)
  13 killer bees
  A howler monkey (D:8)
  4 hounds
  4 orc priests
  Ijyb (D:4)
  2 iguanas
  14 orc wizards
  A troll simulacrum (IceCv)
  A wolf simulacrum (IceCv)
  A mummy (D:4)
  19 gnolls
  8 adders
  A shadow imp (D:7)
  2 white imps
  4 ufetubi
  4 worms
  The ghost of Ofeo the Firebug, a weakling MeFE (D:3)
  A dart slug (D:4)
  51 orcs
  6 endoplasms
  4 giant cockroaches
  6 goblins
  4 hobgoblins
  3 jackals (D:1)
  2 quokkas
  9 ball pythons
  5 bats
  6 frilled lizards
  4 hobgoblin zombies (D:4)
  24 kobolds
  4 rats
317 creatures vanquished.

Vanquished Creatures (collateral kills)
  A vampire (D:10)
  A kobold brigand (D:10)
  3 kobolds (D:10)
5 creatures vanquished.

Vanquished Creatures (others)
  An ice beast (D:6)
  A jelly (D:7)
  2 orc wizards
  A white imp (D:7)
  An orc zombie (D:5)
  A bush (D:3)
  A fungus (Lair:1)
  8 plants
16 creatures vanquished.

Grand Total: 338 creatures vanquished

Notes
Turn   | Place    | Note
-------+----------+-------------------------------------------
     0 | D:1      | smilodon the Demonspawn Fighter began the quest for the
                  | Orb.
     0 | D:1      | Reached XP level 1. HP: 18/18 MP: 1/1
   333 | D:1      | Gained mutation: You have large cloven feet. [demonic
                  | ancestry]
   333 | D:1      | Reached XP level 2. HP: 24/24 MP: 2/2
   684 | D:1      | Found a faded altar of an unknown god.
   794 | D:1      | Prayed at the altar of an unknown god.
   794 | D:1      | Became a worshipper of Sif Muna the Loreminder
   794 | D:1      | Reached * piety under Sif Muna
   878 | D:2      | Gained mutation: You are partially covered in icy blue
                  | scales. (AC +2) [demonic ancestry]
   878 | D:2      | Reached XP level 3. HP: 29/29 MP: 3/3
   963 | D:2      | Gained mutation: You regenerate magic rapidly. [demonic
                  | ancestry]
   963 | D:2      | Reached XP level 4. HP: 5/35 MP: 4/4
  1332 | D:2      | Reached ** piety under Sif Muna
  1796 | D:3      | Reached XP level 5. HP: 37/42 MP: 5/5
  1801 | D:3      | Found a runed translucent gate.
  1801 | D:3      | Found a runed translucent gate.
  1803 | D:3      | Found a runed translucent gate.
  1803 | D:3      | Noticed Ofeo's ghost (weakling MeFE)
  2253 | D:3      | Found an ornate altar of the Wu Jian Council.
  2266 | D:3      | Found a broken altar of Ashenzari.
  2266 | D:3      | Found a blossoming altar of Fedhas.
  2644 | D:3      | Killed Ofeo's ghost
  2656 | D:3      | Reached skill level 1 in Spellcasting
  2785 | D:4      | Noticed an ogre
  2786 | D:4      | Noticed an ogre
  2873 | D:4      | Reached skill level 1 in Dodging
  2873 | D:4      | Reached XP level 6. HP: 48/48 MP: 7/7
  2912 | D:4      | Reached *** piety under Sif Muna
  2952 | D:4      | Noticed a naga
  2952 | D:4      | an ogre changed into a naga
  3039 | D:3      | Reached skill level 1 in Short Blades
  3052 | D:4      | Killed a naga
  3079 | D:4      | Noticed Ijyb
  3090 | D:4      | Killed Ijyb
  3148 | D:4      | Reached XP level 7. HP: 52/55 MP: 9/9
  3171 | D:4      | Noticed a shapeshifter
  3171 | D:4      | a hobgoblin changed into a shapeshifter
  3171 | D:4      | a shapeshifter changed into a naga
  3183 | D:4      | Noticed Sigmund
  3228 | D:4      | Found a radiant altar of Vehumet.
  3325 | D:4      | Killed Sigmund
  3326 | D:4      | Reached skill level 2 in Short Blades
  3360 | D:4      | Noticed a shining eye
  3360 | D:4      | Noticed a wind drake
  3360 | D:4      | a shining eye changed into a wind drake
  3380 | D:4      | Killed a wind drake
  3662 | D:4      | Found a staircase to the Ecumenical Temple.
  3808 | D:4      | Learned a level 1 spell: Slow
  3810 | D:4      | Learned a level 1 spell: Summon Small Mammal
  3835 | D:5      | Entered Level 5 of the Dungeon
  3990 | D:5      | Reached skill level 3 in Short Blades
  3990 | D:5      | Reached XP level 8. HP: 60/61 MP: 11/11
  4046 | D:5      | Learned a level 1 spell: Necrotise
  4077 | D:5      | Reached skill level 5 in Fighting
  4960 | D:6      | Identified the +1 dagger of Fate {venom, Contam rF++}
  5133 | D:6      | Reached **** piety under Sif Muna
  5174 | D:6      | Reached skill level 4 in Short Blades
  5422 | D:6      | Found a runed translucent door.
  5423 | D:6      | Noticed Crazy Yiuf
  5585 | D:6      | Reached skill level 1 in Hexes
  5585 | D:6      | Reached skill level 1 in Summonings
  5585 | D:6      | Reached skill level 1 in Necromancy
  5723 | D:7      | Noticed Duvessa
  5723 | D:7      | Noticed Dowan
  5739 | D:7      | Killed Duvessa
  5740 | D:7      | Gained mutation: You sometimes gain a little power by
                  | taking damage. [demonic ancestry]
  5740 | D:7      | Reached XP level 9. HP: 69/69 MP: 14/14
  5748 | D:7      | Killed Dowan
  5902 | D:7      | Reached skill level 5 in Short Blades
  5922 | D:7      | Learned a level 3 spell: Confusing Touch
  6225 | D:7      | Gained mutation: You have sharp fingernails. [potion of
                  | mutation]
  6225 | D:7      | Gained mutation: You are robust. (+10% HP) [potion of
                  | mutation]
  6245 | D:8      | Found a sacrificial altar of Ru.
  6254 | D:8      | Noticed a two-headed ogre
  6270 | D:8      | Killed a two-headed ogre
  6583 | D:8      | Reached skill level 6 in Short Blades
  6653 | D:8      | Noticed Erica
  6654 | D:8      | Found a shadowy altar of Dithmenos.
  6684 | D:8      | Killed Erica
  6685 | D:8      | Reached XP level 10. HP: 60/83 MP: 15/17
  6891 | D:8      | Reached skill level 5 in Spellcasting
  7387 | D:9      | Reached skill level 7 in Short Blades
  7410 | D:9      | Noticed an elephant
  7673 | D:9      | Noticed a death yak
  7842 | D:9      | Found a staircase to the Lair.
  7866 | D:9      | Killed an elephant
  7867 | D:9      | Reached skill level 5 in Necromancy
  7883 | D:9      | Learned a level 3 spell: Vampiric Draining
  7936 | D:9      | Noticed a two-headed ogre
  7952 | D:9      | Killed a two-headed ogre
  7953 | D:9      | Reached skill level 5 in Hexes
  8148 | D:9      | Reached skill level 8 in Short Blades
  8148 | D:9      | Reached skill level 5 in Summonings
  8170 | D:9      | Reached skill level 1 in Invocations
  8186 | D:9      | Reached XP level 11. HP: 89/89 MP: 13/19
  8220 | D:9      | Reached ***** piety under Sif Muna
  8424 | D:10     | Entered Level 10 of the Dungeon
  8424 | D:10     | Noticed Gastronok
  8441 | D:10     | Killed Gastronok
  8657 | D:10     | Found Eniyqira's Antique Armour Emporium.
  8662 | D:10     | Bought a glowing kite shield for 217 gold pieces
  8682 | D:10     | Found a burning altar of Makhleb.
  8943 | D:10     | Reached skill level 9 in Short Blades
  8967 | D:10     | Noticed a hell knight
  8978 | D:10     | Killed a hell knight
  9020 | D:10     | Noticed a hell knight
  9024 | D:10     | Noticed a hell knight
  9025 | D:10     | Noticed a hell knight
  9027 | D:10     | Noticed a hell knight
  9146 | D:10     | Noticed Harold
  9158 | D:10     | Killed Harold
  9159 | D:10     | Reached skill level 5 in Invocations
  9164 | D:10     | Learned a level 2 spell: Blink
  9436 | D:11     | Noticed a boulder beetle
  9464 | D:11     | Killed a boulder beetle
  9465 | D:11     | Reached skill level 10 in Short Blades
  9467 | D:11     | Found a staircase to the Orcish Mines.
  9499 | D:11     | Noticed a two-headed ogre
  9507 | D:11     | Killed a two-headed ogre
  9569 | D:11     | Received a gift from Sif Muna
  9655 | D:11     | Learned a level 3 spell: Conjure Flame
  9919 | D:11     | Noticed a boulder beetle
  9954 | D:11     | Killed a boulder beetle
 10374 | D:12     | Gained mutation: You have hoof-like feet. [demonic
                  | ancestry]
 10374 | D:12     | Reached XP level 12. HP: 86/96 MP: 23/23
 10421 | D:12     | Reached skill level 1 in Fire Magic
 10553 | D:12     | Identified the +2 ring mail of Restlessness {rC- Str+8
                  | Dex-3}
 10649 | Orc:1    | Entered Level 1 of the Orcish Mines
 10906 | Orc:2    | Entered Level 2 of the Orcish Mines
 10952 | Orc:2    | Noticed a two-headed ogre
 10970 | Orc:2    | Killed a two-headed ogre
 11035 | Orc:2    | Received a gift from Sif Muna
 11048 | Orc:2    | Got Sif Muna's Catalogue of Guile and the Barrage {god
                  | gift}
 11079 | Orc:2    | Noticed Erolcha
 11088 | Orc:2    | Noticed Azrael
 11111 | Orc:1    | Reached skill level 11 in Short Blades
 11240 | Lair:1   | Entered Level 1 of the Lair of Beasts
 11252 | Lair:1   | Learned a level 4 spell: Cause Fear
 11264 | Lair:1   | Identified the +4 hand axe of Gigiagh {freeze, +Blink}
 11435 | Lair:1   | Found a runed translucent gate.
 11435 | Lair:1   | Found a runed translucent gate.
 11438 | Lair:1   | Found a runed translucent gate.
 11438 | Lair:1   | Noticed SnakkuSnakku7's ghost (journeyman HuDe)
 11438 | Lair:1   | Noticed a 12-headed hydra
 11439 | Lair:1   | Noticed a nine-headed hydra
 11676 | Lair:1   | Noticed Maggie
 11694 | Lair:1   | Killed Maggie
 12182 | Lair:2   | Found a frozen archway.
 12255 | IceCv    | Entered an ice cave
 12307 | IceCv    | Slain by an ice devil

Illustrated notes

Levels and vault maps discovered:
D:1:      scummos_arrival_gate, layout_loops_ring,
          dreamdust_ecumenical_altar_hidden_monk_grotto
D:2:      layout_basic
D:3:      layout_basic, gammafunk_temple_overflow_forgotten, serial_forest,
          infiniplex_forest_clump_C, infiniplex_forest_straight_2,
          infiniplex_forest_lined_corner, infiniplex_forest_lined_1,
          infiniplex_forest_diagonal, infiniplex_forest_clump_medium,
          gammafunk_ghost_nasty_kobolds, kennysheep_crisscross,
          grunt_decor_fettered, grunt_ministairs_1,
          chequers_serial_rivers_small_a, nrook_mini_vaults
D:4:      layout_cave_pools, mainiacjoe_overflow_alcove_1,
          minmay_temple_entry_gardened_gates, st_stairs_8, minmay_hedge_maze,
          minmay_mini_ossuary, uniq_sigmund, uniq_ijyb
D:5:      layout_basic
D:6:      layout_gridville, zin_scriptorium, uniq_crazy_yiuf_cottage
D:7:      layout_basic, uniq_duvessa
D:8:      layout_basic, grunt_dithmenos_smoke_and_mirrors,
          nicolae_ru_sacrificial_ziggurat, uniq_erica
D:9:      layout_roguey, david_lair_generic
D:10:     layout_long_grid, bloody_makhleb, serial_shops, shop_fountains,
          minmay_rotating_lava, uniq_gastronok, uniq_harold
D:11:     layout_basic, david_orc_2, hangedman_abyss_or_decor_lesser_grid,
          minivault_5, minmay_misc_feat_hallway
D:12:     layout_roguey, nemelex_diamond_rough_becter, uniq_rupert
Lair:1:   layout_cave_pods, gammafunk_ghost_hydra_chop, uniq_maggie
Lair:2:   layout_cave_pods, portal_ice_cave_demonic_guard,
          chequers_serial_rivers_large_a, minivault_23
Orc:1:    layout_diamond_mine
Orc:2:    pubby_orc_utopia, serial_shops, uniq_erolcha, uniq_azrael
IceCv:    ice_cave_tombish

Skill      XL: |  1  2  3  4  5  6  7  8  9 10 11 12 |
---------------+-------------------------------------+-----
Polearms       | 2 3 |  3.0
Shields        | 3 4 |  4.7
Armour         | 3 4 |  4.8
Fighting       | 4 5 6 |  6.1
Spellcasting   | 1 2 3 4 5 7 8 |  8.1
Dodging        | 1 2 3 |  3.1
Short Blades   | 1 3 4 6 8 10 11 | 11.3
Hexes          | 1 3 5 |  5.0
Summonings     | 1 3 5 |  5.0
Necromancy     | 1 4 5 |  5.0
Invocations    | 1 6 8 |  8.0
Fire Magic     | 3 |  3.1

Action                   |  1- 3 |  4- 6 |  7- 9 | 10-12 || total
-------------------------+-------+-------+-------+-------++-------
Melee: Trident           |    96 |   195 |       |       ||   291
       Kick              |     7 |    64 |   143 |   358 ||   572
       Rapier            |       |    48 |    69 |       ||   117
       Short sword       |       |       |   395 |   784 ||  1179
Throw: Dart              |       |     3 |    11 |    12 ||    26
 Cast: Slow              |       |       |     6 |       ||     6
       Summon Small Mamm |       |       |     2 |       ||     2
       Confusing Touch   |       |       |     1 |    19 ||    20
       Necrotise         |       |       |     1 |     1 ||     2
       Manifold Assault  |       |       |     1 |       ||     1
       Vampiric Draining |       |       |       |     1 ||     1
       Summon Cactus Gia |       |       |       |     1 ||     1
Invok: Divine Exegesis   |       |       |     1 |     1 ||     2
Evoke: Wand              |       |     3 |    30 |     7 ||    40
  Use: Potion            |     2 |     5 |     6 |    13 ||    26
       Scroll            |       |     8 |    10 |    16 ||    34
 Stab: Distracted        |       |     1 |       |       ||     1
       Confused          |       |       |       |    14 ||    14
Armor: Scale mail        |    52 |    81 |    17 |       ||   150
       Ring mail         |       |       |   106 |       ||   106
       Steam dragon scal |       |       |    43 |   188 ||   231
Dodge: Dodged            |    44 |    88 |   217 |   266 ||   615
Block: Buckler           |    24 |    54 |   106 |    40 ||   224
       Kite shield       |       |       |       |   159 ||   159
